 Dungeon Crawl Stone Soup version 0.20.0-8-g6b59dc7 (webtiles) character file.

3663 kraftydee the Slicer (level 10, -2/102 HPs)
             Began as a Halfling Berserker on May 30, 2017.
             Was a High Priest of Trog.
             Slain by a killer bee (4 damage)
             ... on level 8 of the Dungeon.
             The game lasted 00:25:24 (7537 turns).

kraftydee the Slicer (Halfling Berserker)           Turns: 7537, Time: 00:25:25

Health: -2/102     AC:  6    Str: 27    XL:     10   Next: 34%
Magic:  10/10      EV: 18    Int:  4    God:    Trog [*****.]
Gold:   456        SH:  0    Dex: 17    Spells: 9/9 levels left

rFire    x . .     SeeInvis +   z - +1 rapier of the Grave {pierce, rPois Int-5 SInv Stlth+}
rCold    + + .     Gourm    .   (shield restricted)
rNeg     . . .     Faith    .   n - +3 leather armour "Ulyuruso" {rC+ Str+3}
rPois    +         Spirit   .   (no helmet)
rElec    .         Reflect  .   (no cloak)
rCorr    .         Harm     .   (no gloves)
MR       .....                  (no boots)
Stlth    ..........             (no amulet)
Regen    0.3/turn               t - +4 ring of intelligence
MPRegen  0.2/turn               u - ring of ice

@: berserking (expiring), lethally poisoned (-2 -> -3), very quick
A: mutation resistance 1
a: Berserk, Trog's Hand, Brothers in Arms, Burn Spellbooks, Renounce Religion


You were on level 8 of the Dungeon.
You worshipped Trog.
Trog was extremely pleased with you.
You were not hungry.

You visited 1 branch of the dungeon, and saw 8 of its levels.
You also visited: Ossuary.

You collected 456 gold pieces.

Inventory:

Hand Weapons
 a - a +1 short sword
 h - a +1 short sword of speed
 z - the +1 rapier of the Grave (weapon) {pierce, rPois Int-5 SInv Stlth+}
   (You acquired it on level 8 of the Dungeon)

   It inflicts extra damage upon your enemies.
   It affects your intelligence (-5).
   It protects you from poison.
   It lets you see invisible.
   It makes you more stealthy.
Armour
 b - a +1 animal skin
 n - the +3 leather armour "Ulyuruso" (worn) {rC+ Str+3}
   (You found it on level 4 of the Dungeon)

   It affects your strength (+3).
   It protects you from cold.
Jewellery
 q - an uncursed ring of wizardry
 t - a +4 ring of intelligence (left hand)
 u - a ring of ice (right hand)
 D - an uncursed ring of protection from cold {unknown}
Wands
 v - a wand of digging (24/24)
 x - a wand of digging (9/24)
Scrolls
 f - 5 scrolls of teleportation
 k - 2 scrolls of fog
 r - 5 scrolls of identify
 s - 2 scrolls of enchant armour
 w - 2 scrolls of recharging
 y - 2 scrolls of enchant weapon
Potions
 e - 2 potions of flight
 j - 6 potions of curing {unknown}
 l - 3 potions of mutation {unknown}
 m - 2 potions of agility
 o - 3 potions of heal wounds {unknown}
 p - 5 potions of brilliance {unknown}
 A - a potion of cancellation
 B - a potion of lignification {unknown}
 C - a potion of resistance
Comestibles
 c - 5 bread rations
 d - 2 royal jellies
 g - 2 meat rations
 i - 8 fruits


   Skills:
 + Level 6.1 Fighting
 + Level 11.0 Short Blades
 + Level 4.6 Armour
 + Level 6.2 Dodging
 + Level 7.7 Stealth


You had 9 spell levels left.
You didn't know any spells.

Dungeon Overview and Level Annotations

Branches:
Dungeon (8/15)             Temple (0/1) D:6
   Lair: D:8-11

Altars:
Fedhas
Hepliaklqana
Okawaru
Qazlal
Trog
Xom
The Shining One

Annotations:
D:5 2 runed doors


Innate Abilities, Weirdness & Mutations

You are small and have problems with some larger weapons.
You are somewhat resistant to further mutation.


Message History

The orc warrior hits you with a flail!
* * * LOW HITPOINT WARNING * * *
The killer bee barely misses you. The killer bee closely misses you.
You miss the killer bee. The killer bee barely misses you.
You miss the killer bee.
The killer bee completely misses you. x2
The killer bee stings you.
* * * LOW HITPOINT WARNING * * *
You miss the killer bee. The killer bee barely misses you.
The killer bee completely misses you. The killer bee misses you.
The orc warrior misses you.
You barely miss the killer bee. The killer bee closely misses you.
The killer bee misses you. x2
You miss the killer bee.
You feel sick. The killer bee misses you. The killer bee stings you.
* * * LOW HITPOINT WARNING * * *
The killer bee barely misses you. The orc warrior completely misses you.
You puncture the killer bee!
The killer bee is severely wounded.
The killer bee barely misses you. The killer bee stings you.
You die...

###.. ##............
.....# #[...........
......#### ##............
.........###.............
.....................#...
........†..........†..##.
##...os.............###
##..Yyyo.....####...#
#...sy@.....## #...#
.....####....## #...#
.... #...## ##.## ...
...## #.# .. #..## #.# .
...# #.# ..### ##.## ...
#...# ..... ####...##.


You could see an orc warrior, an ice beast, 2 scorpions, 3 killer bees and an
orc.

Vanquished Creatures
  A skeletal warrior (D:5)
  The ghost of Duskembrace the Jinx, a novice SpEn of Dithmenos (D:6)
  A spriggan (D:7)
  2 ice beasts (D:5)
  2 orc warriors
  An ogre (D:4)
  3 centaurs (D:5)
  5 bullfrogs
  2 scorpions
  A wyvern skeleton (D:5)
  4 killer bees
  5 wights (D:7)
  3 crimson imps
  A quasit (D:8)
  An orc priest (D:6)
  A centaur skeleton (D:5)
  A hound (D:8)
  2 jellies
  2 bullfrog skeletons (D:7)
  Jessica (D:2)
  Natasha (thrice) (D:2)
  4 iguanas
  5 orc wizards
  4 worker ants
  13 mummies (Ossuary)
  A worker ant zombie (D:6)
  10 adders
  A shadow imp (D:6)
  An adder skeleton (D:6)
  An adder zombie (D:5)
  A worm (D:2)
  2 dart slugs (D:2)
  7 leopard geckos
  14 orcs
  10 bats
  6 giant cockroaches
  3 hobgoblins
  4 jackals (D:2)
  7 kobolds
  3 quokkas
  3 ball pythons
  10 frilled lizards
  3 gnoll skeletons (Ossuary)
  4 goblins
  A goblin skeleton (Ossuary)
  2 jackal skeletons
  2 kobold skeletons (Ossuary)
  2 orc skeletons (Ossuary)
  3 rats
  11 rat skeletons (Ossuary)
181 creatures vanquished.

Notes
Turn   | Place    | Note
-------+----------+-------------------------------------------
     0 | D:1      | kraftydee the Halfling Berserker began the quest for the Orb.
     0 | D:1      | Reached XP level 1. HP: 15/15 MP: 1/1
   211 | D:1      | Reached XP level 2. HP: 20/20 MP: 2/2
   217 | D:1      | Reached skill level 4 in Short Blades
   805 | D:2      | Reached XP level 3. HP: 22/25 MP: 3/3
  1196 | D:2      | Noticed Jessica
  1212 | D:2      | Reached ** piety under Trog
  1218 | D:2      | Killed Jessica
  1218 | D:2      | Reached skill level 5 in Short Blades
  1218 | D:2      | Reached XP level 4. HP: 30/31 MP: 4/4
  1373 | D:2      | Noticed Natasha
  1379 | D:2      | Killed Natasha
  1379 | D:2      | Reached XP level 5. HP: 36/36 MP: 5/5
  1544 | D:2      | Found a shimmering altar of Xom.
  1633 | D:2      | Noticed Natasha
  1640 | D:2      | Killed Natasha
  1647 | D:2      | Noticed Natasha
  1658 | D:2      | Killed Natasha
  2235 | D:3      | Reached XP level 6. HP: 32/42 MP: 6/6
  2307 | D:3      | Found a faded altar of an unknown god.
  2431 | D:3      | Reached skill level 6 in Short Blades
  2697 | D:3      | Reached *** piety under Trog
  2862 | D:4      | Got a heavily runed leather armour
  2873 | D:4      | Identified the +3 leather armour "Ulyuruso" {rC+ Str+3} (You found it on level 4 of the Dungeon)
  2905 | D:4      | Reached skill level 1 in Stealth
  3049 | D:4      | Noticed an ogre
  3058 | D:4      | Killed an ogre
  3058 | D:4      | Reached XP level 7. HP: 47/47 MP: 7/7
  3491 | D:4      | Found a bloodstained altar of Trog.
  3719 | D:5      | Entered Level 5 of the Dungeon
  3759 | D:5      | Reached skill level 7 in Short Blades
  3808 | D:5      | Found a large runed door.
  3808 | D:5      | Found a large runed door.
  3819 | D:5      | Found a large runed door.
  3819 | D:5      | Found a large runed door.
  4086 | D:5      | Reached XP level 8. HP: 27/54 MP: 8/8
  4390 | D:5      | Reached skill level 5 in Dodging
  4417 | D:5      | Reached skill level 8 in Short Blades
  5068 | D:5      | Noticed a skeletal warrior
  5088 | D:5      | Killed a skeletal warrior
  5088 | D:5      | Reached skill level 5 in Fighting
  5088 | D:5      | Reached skill level 9 in Short Blades
  5088 | D:5      | Reached skill level 5 in Stealth
  5088 | D:5      | Reached XP level 9. HP: 44/61 MP: 9/9
  5300 | D:6      | Reached **** piety under Trog
  5305 | D:6      | Found an iron altar of Okawaru.
  5645 | D:6      | Noticed Duskembrace's ghost (novice SpEn)
  5660 | D:6      | Killed Duskembrace's ghost
  5660 | D:6      | Reached skill level 10 in Short Blades
  6176 | D:6      | Found a staircase to the Ecumenical Temple.
  6372 | D:7      | Found a glowing golden altar of the Shining One.
  6406 | D:7      | Reached XP level 10. HP: 68/68 MP: 10/10
  6838 | D:7      | Found a sand-covered staircase.
  6850 | Ossuary  | Entered an ossuary
  7215 | D:7      | Found a stormy altar of Qazlal.
  7288 | D:8      | Found a shimmering altar of Xom.
  7289 | D:8      | Found a hazy altar of Hepliaklqana.
  7290 | D:8      | Noticed a spectral ugly thing
  7311 | D:8      | Found a blossoming altar of Fedhas.
  7425 | D:8      | Reached ***** piety under Trog
  7438 | D:8      | Reached skill level 11 in Short Blades
  7458 | D:8      | Identified a scroll of acquirement
  7461 | D:8      | Got a fine rapier
  7462 | D:8      | Identified the +1 rapier of the Grave {pierce, rPois Int-5 SInv Stlth+} (You acquired it on level 8 of the Dungeon)
  7533 | D:8      | HP: 5/102 [killer bee (5)]
  7536 | D:8      | HP: 2/102 [killer bee (3)]
  7537 | D:8      | Slain by a killer bee

Skill      XL: |  1  2  3  4  5  6  7  8  9 10 |
---------------+-------------------------------+-----
Short Blades   | 4 5 6 7 9 10 11 | 11.0
Fighting       | 3 4 5 6 |  6.1
Dodging        | 3 4 5 6 |  6.2
Stealth        | 1 2 5 6 7 |  7.7
Armour         | 3 4 |  4.6

Action                   |  1- 3 |  4- 6 |  7- 9 | 10-12 || total
-------------------------+-------+-------+-------+-------++-------
Melee: Short sword       |    96 |   154 |   332 |   159 ||   741
       Rapier            |       |       |       |    32 ||    32
Invok: Berserk           |     2 |     6 |     5 |     1 ||    14
       Burn Spellbooks   |       |       |     1 |       ||     1
  Use: Scroll            |     5 |     4 |     3 |     3 ||    15
       Potion            |     3 |     1 |     1 |       ||     5
 Stab: Sleeping          |       |     1 |     9 |    15 ||    25
       Invisible         |       |       |     5 |       ||     5
       Distracted        |       |       |     1 |       ||     1
  Eat: Bread ration      |     1 |       |     1 |     1 ||     3
       Chunk             |       |     3 |     7 |     1 ||    11
       Meat ration       |       |     1 |     1 |       ||     2
Armor: Animal skin       |    19 |    16 |       |       ||    35
       Leather armour    |       |       |    26 |     8 ||    34
Dodge: Dodged            |    75 |    93 |   121 |   110 ||   399
